 Dungeon Crawl Stone Soup version 0.24-a0-584-g9d6b971ae4 (webtiles) character file.

Game seed: 88333385348557567, levelgen mode: deterministic

303 Mithandil the Shield-Bearer (level 6, 47/47 HPs)
             Began as a Minotaur Fighter on Sept 2, 2019.
             Quit the game on level 5 of the Dungeon.
             The game lasted 00:15:19 (3317 turns).

Mithandil the Shield-Bearer (Minotaur Fighter)      Turns: 3317, Time: 00:15:19

Health: 47/47      AC:  9    Str: 22    XL:     6   Next: 15%
Magic:  5/5        EV:  6    Int:  5    God:
Gold:   229        SH: 10    Dex: 10    Spells: 1/5 levels left

rFire    . . .     SeeInvis .   a - +1 long sword
rCold    . . .     Gourm    .   c - +0 shield
rNeg     . . .     Faith    .   n - +0 chain mail
rPois    .         Spirit   .   (helmet restricted)
rElec    .         Reflect  .   (no cloak)
rCorr    .         Harm     .   (no gloves)
MR       .....                  (no boots)
Stlth    ..........             (no amulet)
HPRegen  0.15/turn              (no ring)
MPRegen  0.09/turn              (no ring)

@: no status effects
A: retaliatory headbutt, horns 2, deterioration 1, frail 1
a: no special abilities


You were on level 5 of the Dungeon.
You were not hungry.

You visited 1 branch of the dungeon, and saw 6 of its levels.

You collected 229 gold pieces.

Inventory:

Hand Weapons
 a - a +1 long sword (weapon)
 b - a +0 hunting sling
 h - a +0 dagger of pain
 i - a +1 short sword of freezing
 l - a +0 spear
 q - a +2 dagger of flaming
 s - a cursed -1 trident
Missiles
 e - 7 poisoned darts
 g - 19 sling bullets
 p - 8 boomerangs of dispersal (quivered)
Armour
 c - a +0 shield (worn)
 n - a +0 chain mail (worn)
Wands
 j - a wand of polymorph (5)
Scrolls
 o - a scroll of identify
 r - a scroll of remove curse
Potions
 d - a potion of might
 m - a potion of curing
Comestibles
 f - 5 rations


   Skills:
 + Level 4.4 Fighting
 * Level 4.6 Long Blades
 + Level 4.5 Armour
 + Level 2.1 Dodging
 * Level 5.6 Shields


You had one spell level left.
You knew the following spells:

 Your Spells              Type           Power        Failure   Level  Hunger
a - Magic Dart            Conj           #...         100%        1    ##.....
f - Conjure Flame         Conj/Fire      #.......     100%        3    ####...

Your spell library contained the following spells:

 Spells                   Type           Power        Failure   Level  Hunger
 Blink                    Tloc           N/A          100%        2    ###....
 Call Imp                 Summ           #.......     100%        2    ###....
 Slow                     Hex            #.......     100%        2    ###....
 Mephitic Cloud           Conj/Pois/Air  #.......     100%        3    ####...


Dungeon Overview and Level Annotations

Branches:
Dungeon (6/15)
 Temple: D:4-7

Altars:
Ashenzari
Makhleb
Qazlal
Ru


Innate Abilities, Weirdness & Mutations

You reflexively headbutt those who attack you in melee.
You have a pair of horns on your head.
Your body sometimes deteriorates upon taking damage.
You are frail. (-10% HP)


Message History

You feel yourself slow down.
You start resting.
You recover from your berserk rage.
You start resting.
Eating one of 12 chunks of flesh.
You eat one of the 12 chunks of flesh.
This raw flesh tastes terrible.
Some of the chunks of flesh in your inventory have rotted away.
All of the chunks of flesh in your inventory have rotted away.
HP restored.
You fall into a shaft and drop 1 floor!
The shaft crumbles and collapses.
Found a potion of lignification.
Found a stone staircase leading down.
There is a stone staircase leading down here.
You climb downwards.
There is a stone staircase leading up here.
You climb upwards.
There is a stone staircase leading down here.
You open the door.
There is an open door here.
Are you sure you want to abandon this character and quit the game? (Confirm with "yes".)

#..#.#
..#.#
....#
...# ..
#..#
..8.##..#
........#
###@#####
#.......#
#.......#
#.......#
#....!..#
#..>....#
#.......#
#########


There were no monsters in sight!

Vanquished Creatures
  2 orc priests (D:4)
  2 orc wizards
  Terence (D:2)
  6 adders
  4 worms (D:2)
  A dart slug (D:4)
  A leopard gecko (D:1)
  12 orcs
  4 ball pythons
  10 bats
  6 giant cockroaches
  10 goblins
  8 hobgoblins
  3 jackals (D:1)
  6 kobolds
  3 frilled lizards
  A quokka skeleton (D:4)
  6 rats
86 creatures vanquished.

Notes
Turn   | Place    | Note
-------+----------+-------------------------------------------
     0 | D:1      | Mithandil the Minotaur Fighter began the quest for the Orb.
     0 | D:1      | Reached XP level 1. HP: 19/19 MP: 0/0
   171 | D:1      | Reached XP level 2. HP: 22/27 MP: 1/1
   201 | D:2      | Reached skill level 4 in Shields
   368 | D:1      | Reached XP level 3. HP: 32/33 MP: 2/2
   461 | D:2      | Noticed Terence
   519 | D:2      | Found a sacrificial altar of Ru.
  1210 | D:2      | Killed Terence
  1210 | D:2      | Reached skill level 1 in Dodging
  1210 | D:2      | Reached XP level 4. HP: 38/40 MP: 3/3
  1259 | D:2      | Found a stormy altar of Qazlal.
  1259 | D:2      | Found a shattered altar of Ashenzari.
  1414 | D:2      | Found a burning altar of Makhleb.
  1652 | D:2      | Found a faded altar of an unknown god.
  2226 | D:3      | Reached skill level 5 in Shields
  2228 | D:3      | Reached XP level 5. HP: 46/46 MP: 4/4
  2471 | D:3      | Learned a level 1 spell: Magic Dart
  2475 | D:3      | Learned a level 3 spell: Conjure Flame
  2908 | D:5      | Entered Level 5 of the Dungeon
  2930 | D:4      | Gained mutation: You are frail. (-10% HP) [potion of
                  | mutation]
  2930 | D:4      | Gained mutation: Your body sometimes deteriorates upon
                  | taking damage. [potion of mutation]
  2930 | D:4      | Gained mutation: You tend to lose your temper in combat.
                  | [potion of mutation]
  2930 | D:4      | Lost mutation: You tend to lose your temper in combat.
                  | [potion of mutation]
  3018 | D:4      | Reached XP level 6. HP: 19/47 MP: 5/5
  3305 | D:4      | You fall into a shaft and drop 1 floor!
  3317 | D:5      | Quit the game

Levels and vault maps discovered:
D:1:      scummos_arrival_simple_fountains, layout_basic
D:2:      layout_basic, nicolae_ru_sacrificial_ziggurat, lemuel_round_altar,
          gammafunk_temple_overflow_pools, chequers_ecumenical_altar_twisty,
          uniq_terence
D:3:      layout_basic, kennysheep_generic_room_9
D:4:      layout_loops_ring, kennysheep_mini, serial_shops, shop_fountains,
          first_ration, minmay_between, uniq_crazy_yiuf_cottage
D:5:      minmay_skewed_foursquare, layout_basic,
          minmay_temple_entry_antechambers
D:6:      layout_loops_ring

Skill      XL: |  1  2  3  4  5 |
---------------+----------------+-----
Shields        | 4 5 |  5.6
Long Blades    | 3 4 |  4.6
Armour         | 4 |  4.5
Dodging        | 1 2 |  2.1
Fighting       | 4 |  4.4

Action                   |  1- 3 |  4- 6 || total
-------------------------+-------+-------++-------
Melee: Long sword        |    89 |   149 ||   238
       Headbutt          |    12 |    26 ||    38
  Use: Scroll            |     5 |     3 ||     8
       Potion            |     1 |     4 ||     5
  Eat: Chunk             |     1 |     7 ||     8
Armor: Scale mail        |    51 |       ||    51
       Chain mail        |     2 |    71 ||    73
Dodge: Dodged            |    37 |    50 ||    87
Block: Shield            |    63 |    85 ||   148
       Rpst.: Long sword |    11 |    14 ||    25

Table legend:
 A = Non-vault XP
 B = Vault XP
 C = Vault XP percentage of total XP
 D = Non-vault monster count
 E = Vault monster count
 F = Vault count percentage of total count
                 A         B        C        D         E       F
            +---------+---------+-------+---------+---------+-------
      Total |     351 |      83 |  19.1 |      82 |       4 |   4.7
            +---------+---------+-------+---------+---------+-------
        D:1 |      43 |       0 |   0.0 |      24 |       0 |   0.0
        D:2 |      80 |      36 |  31.0 |      19 |       1 |   5.0
        D:3 |     126 |       2 |   1.6 |      29 |       1 |   3.3
        D:4 |     102 |      45 |  30.6 |      10 |       2 |  16.7
            +---------+---------+-------+---------+---------+-------
